 Dungeon Crawl Stone Soup version 0.31-a0-1447-g87ca8d402b (webtiles) character file.

Game seed: 17889479823515970114

819 kae the Sneak (level 7, -1/51 HPs)
             Began as a Demonspawn Enchanter on Dec 27, 2023.
             Slain by a mummy (15 damage)
             ... in an ossuary.
             The game lasted 00:03:35 (4453 turns).

kae the Sneak (Demonspawn Enchanter)                Turns: 4453, Time: 00:03:36

Health: -1/51      AC:  9    Str:  8    XL:     7   Next: 63%
Magic:  12/12      EV: 10    Int: 22    God:
Gold:   122        SH:  0    Dex: 15    Spells: 1/12 levels left

rFire   . . .        j - +0 short sword (venom)
rCold   . . .        (no shield)
rNeg    . . .        r - +0 ring mail
rPois   +            (helmet restricted)
rElec   .            y - +0 cloak
rCorr   .            (no gloves)
SInv    .            s - +0 pair of boots
Will    .....        v - amulet of magic regeneration
Stlth   ++           P - ring of poison resistance
HPRegen 0.28/turn    I - +6 ring of intelligence
MPRegen 0.53/turn

%: no passive effects
@: no status effects
A: horns 1, molten scales 1, ignite blood 2, spiny 1
a: no special abilities


You were in an ossuary.
You visited 2 branches of the dungeon, and saw 6 of its levels.
You also visited: Ossuary.

You collected 122 gold pieces.


Innate Abilities, Weirdness & Mutations

You have a pair of small horns on your head.
You are partially covered in molten scales. (AC +2)
Your demonic aura often causes spilled blood to erupt in flames.
You are partially covered in sharp spines.


   Skills:
 + Level 2.8 Fighting
 * Level 3.8 Short Blades
 + Level 2.1 Armour
 - Level 1.7 Dodging
 * Level 5.1 Stealth
 + Level 3.3 Spellcasting
 + Level 4.1 Hexes
 + Level 0.7 Ice Magic


You had one spell level left.
You knew the following spells:

 Your Spells              Type           Power      Damage    Failure   Level
a - Ensorcelled Hibernat  Hex/Ice        28%        N/A       21%         2
b - Confusing Touch       Hex            21%        N/A       21%         3
c - Tukima's Dance        Hex            21%        N/A       21%         3
d - Dazzling Flash        Conj/Hex       24%        N/A       43%         3

Your spell library contained the following spells:

 Spells                   Type           Power      Damage    Failure   Level
 Gell's Gravitas          Tloc           3%         N/A       71%         3
 Teleport Other           Tloc           3%         N/A       71%         3
 Dispersal                Tloc           1%         N/A       100%        6

Inventory:

Hand Weapons
 a - a +1 dagger
 j - a +0 short sword of venom (weapon)
   (You took it off a kobold on level 1 of the Dungeon)
Missiles
 g - 35 stones
Armour
 b - a +0 robe
 q - a +0 helmet
   (You found it on level 2 of the Dungeon)
 r - a +0 ring mail (worn)
   (You found it on level 2 of the Dungeon)
 s - a +0 pair of boots (worn)
   (You found it on level 1 of the Dungeon)
 y - a +0 cloak (worn)
   (You took it off Crazy Yiuf on level 4 of the Dungeon)
Jewellery
 v - an amulet of magic regeneration (around neck)
   (You found it on level 4 of the Dungeon)
 C - a ring of ice
   (You found it on level 4 of the Dungeon)
 I - a +6 ring of intelligence (right hand)
   (You found it on level 2 of the Dungeon)
 L - a ring of flight
   (You found it on level 1 of the Dungeon)
 P - a ring of poison resistance (left hand)
   (You found it on level 1 of the Dungeon)
 Z - a ring of wizardry
   (You found it on level 2 of the Dungeon)
Wands
 z - a wand of light (7)
   (You found it on level 5 of the Dungeon)
Scrolls
 f - 2 scrolls of identify {unknown}
 h - 2 scrolls of noise {unknown}
 k - 3 scrolls of revelation {unknown}
 p - a scroll of enchant weapon {unknown}
 t - 2 scrolls of poison {unknown}
 u - a scroll of blinking {unknown}
 w - a scroll of teleportation {unknown}
Potions
 c - 2 potions of invisibility
 d - 2 potions of attraction {unknown}
 e - a potion of might {unknown}
 i - 2 potions of curing {unknown}
 l - a potion of haste {unknown}
 m - a potion of resistance {unknown}
 n - 3 potions of lignification {unknown}
 o - 2 potions of mutation {unknown}
 x - a potion of degeneration {unknown}

Dungeon Overview and Level Annotations

Branches:
Dungeon (5/15) Zot: 25877  Temple (1/1) D:4 Zot: 5984 Ossuary (1/1) Zot: 5714

Altars:
Ashenzari
Cheibriados
Fedhas
Kikubaaqudgha
Makhleb
Nemelex Xobeh
Okawaru
Qazlal
Ru
Trog
Uskayaw
Vehumet
Wu Jian
Yredelemnul

#...# #...# #...#
#...# #...# #...#
#...# #...# #'###
###'# #.).# #...#
#...####### #####...#
#...#...#!?!?#...#...#
#...'M@.+![[?#.∩.'...#
#...#...#?!!?#...#..∩#
########### #########


You could see a mummy.


Message History

Things that are here:
a +0 dagger of venom; a +0 robe The orc zombie barely misses you.
You barely miss the orc zombie. You headbutt the orc zombie.
You destroy the orc zombie!
You hit the gnoll zombie. The gnoll zombie closely misses you.
You hit the gnoll zombie. You headbutt the gnoll zombie.
The gnoll zombie is struck by your spines.
The gnoll zombie barely misses you.
You hit the gnoll zombie.
You punch the gnoll zombie, but do no damage.
You hit the gnoll zombie.
You destroy the gnoll zombie!
No target in view!
Unknown command. 😎 HP[+1]
Your hp is fully restored (51).
No target in view!
No target in view!
No target in view!
No target in view!
Things that are here:
a +0 dagger of venom; a +0 robe You open the door.
A crocodile zombie and 2 mummies come into view.
Found a gate leading back out of this place.
There is an open door here.
The crocodile zombie bites you.
The crocodile zombie drags you backwards!
There is a gate leading back out of this place here. 😕 HP[-2]
You take 2 damage, and now have 49/51 hp.
The crocodile zombie bites you! The mummy is struck by your spines.
The mummy hits you! 😮 HP[-21]
You take 21 damage, and now have 28/51 hp.
MASSIVE DAMAGE!! (PAUSE)
You hit the mummy but do no damage. The crocodile zombie barely misses you.
The mummy hits you but does no damage.
You hit the mummy. Your headbutt misses the mummy.
The mummy completely misses you. 😮 HP[+1] Unknown command.
You hit the mummy. You headbutt the mummy.
The crocodile zombie bites you but does no damage.
The mummy is struck by your spines. The mummy barely misses you.
Unknown command.
You hit the mummy.
You headbutt the mummy, but do no damage.
The mummy is struck by your spines. The mummy hits you.
* * * LOW HITPOINT WARNING * * *
The crocodile zombie bites you but does no damage. 😨 HP[-6]
You take 6 damage, and now have 23/51 hp.
Unknown command.
You hit the mummy.
You destroy the mummy!
The mummy hits you!
* * * LOW HITPOINT WARNING * * *
😨 HP[-10]
You take 10 damage, and now have 13/51 hp.
Unknown command. 😨 HP[+1] Unknown command.
You barely miss the crocodile zombie.
The crocodile zombie is engulfed in blazing flames.
The crocodile zombie bites you.
* * * LOW HITPOINT WARNING * * *
😨 HP[-1]
You take 1 damage, and now have 13/51 hp.
Unknown command.
You hit the crocodile zombie but do no damage.
Your headbutt misses the crocodile zombie.
You hit the crocodile zombie.
The crocodile zombie is engulfed in blazing flames.
The crocodile zombie bites you.
* * * LOW HITPOINT WARNING * * *
The crocodile zombie drags you backwards!
The mummy misses you.
Unknown command. 😱 HP[-1]
You take 1 damage, and now have 12/51 hp.
You hit the crocodile zombie. You headbutt the crocodile zombie.
The crocodile zombie is struck by your spines.
The crocodile zombie closely misses you. 😨 HP[+1] Unknown command.
You hit the crocodile zombie.
You destroy the crocodile zombie!
The mummy is struck by your spines. The mummy barely misses you.
Unknown command.
You hit the mummy. You headbutt the mummy. You hit the mummy.
The mummy hits you but does no damage. 😨 MP[+1]
Your mp is fully restored (12).
Unknown command.
You hit the mummy but do no damage. 😨 HP[+1]
You hit the mummy but do no damage. The mummy hits you!
You die...

Skill      XL: |  1  2  3  4  5  6  7 |
---------------+----------------------+-----
Short Blades   | 1 2 3 |  3.8
Stealth        | 3 4 5 |  5.1
Fighting       | 1 2 |  2.8
Armour         | 1 2 |  2.1
Spellcasting   | 3 |  3.3
Hexes          | 4 |  4.1
Dodging        | |  1.7
Ice Magic      | |  0.7

Action                     |  1- 3 |  4- 6 |  7- 9 || total
---------------------------+-------+-------+-------++-------
  Melee: Dagger            |    50 |       |       ||    50
         Short sword       |    52 |   139 |   118 ||   309
         Headbutt          |       |       |    31 ||    31
         Punch             |       |       |     3 ||     3
   Cast: Ensorcelled Hiber |       |     5 |       ||     5
         Confusing Touch   |       |     1 |       ||     1
   Stab: Sleeping          |    10 |     6 |     1 ||    17
         Confused          |       |     1 |       ||     1
 Armour: Robe              |    30 |       |       ||    30
         Ring mail         |    28 |    77 |    77 ||   182
  Dodge: Dodged            |    60 |    57 |    60 ||   177

Levels and vault maps discovered:
D:1:      roderic_octagonal_star, layout_loops_cross, minmay_pentomino_s4
D:2:      layout_basic, basic_altar
D:3:      layout_loops_ring, chequers_serial_rivers_large_a,
          chequers_mini_garden, chequers_serial_rivers_small_a,
          small_statue_intersection
D:4:      layout_loops_corners, mainiacjoe_overflow_divided_tiny, temple_pool_b,
          uniq_crazy_yiuf_cottage
D:5:      nicolae_cairo_tiling_very_big, layout_rooms, nicolae_overflow_squiral,
          enter_ossuary_4, uniq_ijyb
Temple:   nicolae_temple_slightly_damp_pantheon
Ossuary:  ossuary_tomb_2

Notes
Turn   | Place    | Note
-------+----------+-------------------------------------------
     0 | D:1      | kae the Demonspawn Enchanter began the quest for the Orb.
     0 | D:1      | Reached XP level 1. HP: 13/13 MP: 3/3
     0 | D:1      | magus.rc [v1.11.3]
    90 | D:1      | Reached skill level 1 in Short Blades
   116 | D:1      | HP: 3/13 [jackal (1)]
   126 | D:1      | Gained mutation: You are partially covered in sharp spines.
                  | [demonic ancestry]
   126 | D:1      | Reached XP level 2. HP: 8/20 MP: 5/5
   128 | D:1      | HP: 5/20 [dart slug/slug dart (4)]
   184 | D:1      | Learned a level 2 spell: Ensorcelled Hibernation
   330 | D:1      | Reached skill level 3 in Stealth
   538 | D:1      | Gained mutation: Your demonic aura sometimes causes spilled
                  | blood to erupt in flames. [demonic ancestry]
   538 | D:1      | Reached XP level 3. HP: 25/25 MP: 6/6
   543 | D:1      | Learned a level 3 spell: Confusing Touch
   753 | D:1      | You add the spells Gell's Gravitas, Teleport Other and
                  | Dispersal to your library.
  1125 | D:2      | Found a snail-covered altar of Cheibriados.
  1259 | D:2      | Reached skill level 1 in Fighting
  2009 | D:2      | Reached skill level 2 in Short Blades
  2009 | D:2      | Reached XP level 4. HP: 9/32 MP: 7/7
  2845 | D:4      | Learned a level 3 spell: Tukima's Dance
  2870 | D:4      | Noticed a scorpion
  2878 | D:4      | Killed a scorpion
  2879 | D:4      | Reached skill level 4 in Stealth
  2879 | D:4      | Gained mutation: You are partially covered in molten
                  | scales. (AC +2) [demonic ancestry]
  2879 | D:4      | Reached XP level 5. HP: 29/38 MP: 8/8
  3060 | D:4      | Reached skill level 1 in Armour
  3201 | D:4      | Found an ancient bone altar of Kikubaaqudgha.
  3201 | D:4      | Found a stormy altar of Qazlal.
  3435 | D:4      | Found a staircase to the Ecumenical Temple.
  3566 | D:4      | Gained mutation: Your demonic aura often causes spilled
                  | blood to erupt in flames. [demonic ancestry]
  3566 | D:4      | Reached XP level 6. HP: 36/44 MP: 10/10
  3709 | D:4      | Reached skill level 2 in Fighting
  3895 | D:4      | Found a runed translucent door.
  3896 | D:4      | Noticed Crazy Yiuf
  3958 | D:4      | Killed Crazy Yiuf
  4001 | Temple   | Entered the Ecumenical Temple
  4039 | D:5      | Entered Level 5 of the Dungeon
  4049 | D:5      | Found a blossoming altar of Fedhas.
  4065 | D:5      | Noticed an ice beast
  4082 | D:5      | Killed an ice beast
  4083 | D:5      | Reached skill level 3 in Short Blades
  4083 | D:5      | Reached skill level 3 in Spellcasting
  4137 | D:5      | Found a sand-covered staircase.
  4145 | Ossuary  | Entered an ossuary
  4179 | Ossuary  | Gained mutation: You have a pair of small horns on your
                  | head. [demonic ancestry]
  4179 | Ossuary  | Reached XP level 7. HP: 46/51 MP: 11/11
  4289 | Ossuary  | Reached skill level 5 in Stealth
  4289 | Ossuary  | Reached skill level 4 in Hexes
  4407 | Ossuary  | Learned a level 3 spell: Dazzling Flash
  4420 | Ossuary  | Reached skill level 2 in Armour
  4447 | Ossuary  | HP: 12/51 [crocodile zombie (1)]
  4453 | Ossuary  | Slain by a mummy

Vanquished Creatures
  An ice beast (D:5)
  A scorpion (D:4)
  3 water moccasin zombies (Ossuary)
  A burial acolyte (Ossuary)
  A howler monkey (D:5)
  A spectral scorpion (Ossuary)
  2 orc priests
  Crazy Yiuf (D:4)
  2 iguanas (D:4)
  A bullfrog simulacrum (Ossuary)
  A crocodile zombie (Ossuary)
  A mummy (Ossuary)
  4 adders
  6 adder zombies (Ossuary)
  A worm (D:4)
  3 dart slugs
  11 orcs
  14 ball pythons
  9 endoplasms
  2 giant cockroaches (D:1)
  12 gnoll zombies (Ossuary)
  7 hobgoblins
  8 jackals
  6 kobolds
  5 quokkas
  7 bats
  5 frilled lizards
  7 goblins
  5 jackal zombies (Ossuary)
  7 orc zombies (Ossuary)
  4 rats
139 creatures vanquished.

Table legend:
 A = Non-vault XP
 B = Vault XP
 C = Vault XP percentage of total XP
 D = Non-vault monster count
 E = Vault monster count
 F = Vault count percentage of total count
                 A         B        C        D         E       F
            +---------+---------+-------+---------+---------+-------
      Total |     644 |     527 |  45.0 |      97 |      42 |  30.2
            +---------+---------+-------+---------+---------+-------
        D:1 |      52 |       4 |   7.1 |      30 |       3 |   9.1
        D:2 |      79 |       0 |   0.0 |      19 |       0 |   0.0
        D:3 |      57 |       0 |   0.0 |      18 |       0 |   0.0
        D:4 |     272 |      39 |  12.5 |      28 |       1 |   3.4
        D:5 |     184 |       0 |   0.0 |       2 |       0 |   0.0
    Ossuary |       0 |     484 | 100.0 |       0 |      38 | 100.0
            +---------+---------+-------+---------+---------+-------

Skill      XL: |  1  2  3  4  5  6  7 |
---------------+----------------------+-----
Short Blades   | 1 2 3 |  3.8
Stealth        | 3 4 5 |  5.1
Fighting       | 1 2 |  2.8
Armour         | 1 2 |  2.1
Spellcasting   | 3 |  3.3
Hexes          | 4 |  4.1
Dodging        | |  1.7
Ice Magic      | |  0.7

Action                     |  1- 3 |  4- 6 |  7- 9 || total
---------------------------+-------+-------+-------++-------
  Melee: Dagger            |    50 |       |       ||    50
         Short sword       |    52 |   139 |   118 ||   309
         Headbutt          |       |       |    31 ||    31
         Punch             |       |       |     3 ||     3
   Cast: Ensorcelled Hiber |       |     5 |       ||     5
         Confusing Touch   |       |     1 |       ||     1
   Stab: Sleeping          |    10 |     6 |     1 ||    17
         Confused          |       |     1 |       ||     1
 Armour: Robe              |    30 |       |       ||    30
         Ring mail         |    28 |    77 |    77 ||   182
  Dodge: Dodged            |    60 |    57 |    60 ||   177

Illustrated notes

Table legend:
 A = Kills in this place as a percentage of kills in the entire game.
 B = Kills by you in this place as a percentage of kills by you in the entire game.
 C = Kills by friends in this place as a percentage of kills by friends in the entire game.
 D = Other kills in this place as a percentage of other kills in the entire game.
 E = Experience gained in this place as a percentage of experience gained in the entire game.
 F = Experience gained in this place divided by the number of levels of this place that you have seen.
                   A       B       C       D       E      F
               +-------+-------+-------+-------+-------+----------------------
         Total | 100.0 | 100.0 |   N/A |   N/A | 100.0 | 167.3
       Dungeon |  72.7 |  72.7 |   N/A |   N/A |  58.7 | 137.4
       Ossuary |  27.3 |  27.3 |   N/A |   N/A |  41.3 | 484.0
               +-------+-------+-------+-------+-------+----------------------

Table legend: (Time is in decaauts)
 A = Elapsed time spent in this place.
 B = Non-inter-level travel time spent in this place.
 C = Inter-level travel time spent in this place.
 D = Time resting spent in this place.
 E = Time spent auto-exploring this place.
 F = Levels seen in this place.
 G = Mean time per level.
                   A        B        C        D        E       F      G
               +--------+--------+--------+--------+--------+-----+--------+
         Total |   4423 |   4120 |    303 |    270 |   3025 |   7 |  631.9 |
       Dungeon |   4122 |   3821 |    301 |    192 |   2976 |   5 |  824.4 |
        Temple |     15 |     14 |      1 |      0 |     14 |   1 |   15.0 |
       Ossuary |    285 |    285 |      0 |     78 |     35 |   1 |  285.0 |
               +--------+--------+--------+--------+--------+-----+--------+

Top non-repeatable levels by time:
     D:2: 1208 daAuts
     D:4: 1179 daAuts
     D:1: 874 daAuts
     D:3: 755 daAuts
 Ossuary: 285 daAuts
     D:5: 104 daAuts
  Temple: 15 daAuts
